 Dungeon Crawl Stone Soup version 0.21-a0-508-gf08a75f (webtiles) character file.

28 Dawnplanks the Skirmisher (level 2, -1/25 HPs)
             Began as a Demonspawn Abyssal Knight on Nov 28, 2017.
             Was a Follower of Lugonu.
             Slain by Terence
             ... wielding a +0 short sword
              (5 damage)
             ... on level 2 of the Dungeon.
             The game lasted 00:02:36 (1378 turns).

Dawnplanks the Skirmisher (DsAK)                    Turns: 1378, Time: 00:02:36

Health: -1/25      AC:  3    Str: 12    XL:     2   Next: 96%
Magic:  3/3        EV: 11    Int: 13    God:    Lugonu [*.....]
Gold:   26         SH:  0    Dex: 12    Spells: 1/1 levels left

rFire    . . .     SeeInvis .   a - +1 mace
rCold    . . .     Gourm    .   (no shield)
rNeg     . . .     Faith    .   b - +0 leather armour
rPois    .         Spirit   .   (helmet restricted)
rElec    .         Reflect  .   (no cloak)
rCorr    .         Harm     .   (no gloves)
MR       .....                  (no boots)
Stlth    +.........             (no amulet)
HPRegen  0.08/turn              (no ring)
MPRegen  0.08/turn              (no ring)

@: no status effects
A: horns 1
a: Depart the Abyss, Renounce Religion


You were on level 2 of the Dungeon.
You worshipped Lugonu.
Lugonu was aware of your devotion.
You were hungry.

You visited 1 branch of the dungeon, and saw 2 of its levels.
You visited the Abyss 1 time.

You collected 26 gold pieces.

Inventory:

Hand Weapons
 a - a +1 mace (weapon)
Missiles
 k - 15 stones (quivered)
Armour
 b - a +0 leather armour (worn)
Scrolls
 d - a scroll of random uselessness {unknown}
 f - a scroll of noise {unknown}
 i - a scroll of remove curse {unknown}
 j - a scroll of fear {unknown}
Potions
 e - a potion of curing {unknown}
Comestibles
 c - a bread ration
 g - 2 royal jellies
 h - a meat ration


   Skills:
 * Level 3.7 Fighting
 * Level 2.2 Maces & Flails
 * Level 1.9 Armour
 * Level 1.0 Dodging
 * Level 2.4 Invocations


You had one spell level left.
You didn't know any spells.

Dungeon Overview and Level Annotations

Branches:
Dungeon (2/15)

Altars:

Annotations:
D:2 Terence


Innate Abilities, Weirdness & Mutations

You have a pair of small horns on your head.


Message History

Terence hits you with a short sword.
The rat twitches its whiskers.
The rat bites you.
* * * LOW HITPOINT WARNING * * *
You barely miss Terence.
Terence is severely wounded.
You are feeling hungry.
Terence hits you with a short sword.
* * * LOW HITPOINT WARNING * * *
The rat misses you.
You hit Terence.
Terence is almost dead.
Terence hits you but does no damage. The rat misses you.
You hit Terence but do no damage. Your headbutt misses Terence.
Terence is almost dead.
Terence hits you but does no damage. The rat misses you.
You hit Terence but do no damage.
Terence is almost dead.
Terence hits you with a short sword.
You die...

...# ..(
#..###
+.((.#
....#
#...#
#r@.#
#@.#
#..##
##..#
#†.# #.>#
#..######
#........
#.######.
#.#


You could see Terence and a rat.

Vanquished Creatures
  An ooze (D:1)
  A worm (D:2)
  A dart slug (D:1)
  3 giant cockroaches
  2 goblins (D:1)
  2 hobgoblins (D:1)
  2 bats
  A frilled lizard (D:1)
  3 kobolds (D:1)
  3 rats (D:1)
19 creatures vanquished.

Notes
Turn   | Place    | Note
-------+----------+-------------------------------------------
     0 | Abyss:1  | Dawnplanks the Demonspawn Abyssal Knight began the quest for the Orb.
     0 | Abyss:1  | Reached XP level 1. HP: 18/18 MP: 2/2
     7 | D:1      | Escaped the Abyss
    72 | D:1      | Reached skill level 1 in Dodging
   196 | D:1      | Gained mutation: You have a pair of small horns on your head. [demonic ancestry]
   196 | D:1      | Reached XP level 2. HP: 16/24 MP: 3/3
  1363 | D:2      | Noticed Terence
  1378 | D:2      | Slain by Terence

Vault maps used:
D:1:      minmay_arrival_wavy_path
D:2:      nicolae_dithmenos_through_a_glass_darkly, overflow_temple_1_default,
          uniq_terence

Skill      XL: |  1 |
---------------+----+-----
Dodging        | 1 |  1.0
Maces & Flails | 2 |  2.2
Fighting       | |  3.7
Armour         | |  1.9
Invocations    | |  2.4

Action                   || total
-------------------------++-------
Melee: Mace              ||    73
       Headbutt          ||     5
Throw: Stone             ||     4
 Stab: Sleeping          ||     1
  Eat: Chunk             ||     1
Armor: Leather armour    ||    19
Dodge: Dodged            ||    46

Table legend:
 A = Spawn XP
 B = Non-spawn XP
 C = Spawn XP percentage of total XP
 D = Spawn monster count
 E = Non-spawn monster count
 F = Spawn count percentage of total count
 G = Total turns spent on level
                    A         B        C        D         E        F      G
               +---------+---------+-------+---------+---------+-------+---------
         Total |       0 |      40 |   0.0 |       0 |      19 |   0.0 |  1378
               +---------+---------+-------+---------+---------+-------+---------
           D:1 |       0 |      31 |   0.0 |       0 |      16 |   0.0 |  1092
           D:2 |       0 |       9 |   0.0 |       0 |       3 |   0.0 |   279
               +---------+---------+-------+---------+---------+-------+---------
